 Dungeon Crawl Stone Soup version 0.32-a0-422-g28b100f618 (webtiles) character file.

Game seed: 12063386205432916757

100 Dittersdorf the Covered (level 4, -3/29 HPs)
             Began as a Gargoyle Fighter on Feb 21, 2024.
             Slain by an orc
             ... wielding a +0 falchion
              (5 damage)
             ... on level 3 of the Dungeon.
             The game lasted 00:00:59 (1593 turns).

Dittersdorf the Covered (Gargoyle Fighter)          Turns: 1593, Time: 00:01:00

Health: -3/29      AC: 10    Str: 22    XL:     4   Next: 73%
Magic:  4/4        EV:  6    Int:  8    God:
Gold:   130        SH:  4    Dex:  9    Spells: 3/3 levels left

rFire   . . .        a - +0 flail
rCold   . . .        c - +0 buckler
rNeg    + . .        b - +0 scale mail
rPois   ∞            (no helmet)
rElec   +            (no cloak)
rCorr   .            (no gloves)
SInv    .            (no boots)
Will    .....        (no amulet) Stlth
                     (no ring)
HPRegen 0.24/turn    (no ring)
MPRegen 0.09/turn

%: no passive effects
@: constricted
A: sickness immunity, AC +3, negative energy resistance 1, electricity
resistance, torment resistance 1, petrification resistance
a: Convert to Beogh


You were on level 3 of the Dungeon.
You visited 1 branch of the dungeon, and saw 3 of its levels.

You collected 130 gold pieces.

Inventory:

Hand Weapons
 a - a +0 flail (weapon)
Missiles
 h - 2 throwing nets (quivered)
Armour
 b - a +0 scale mail (worn)
 c - a +0 buckler (worn)
Scrolls
 e - a scroll of poison {unknown}
 g - a scroll of enchant weapon {unknown}
 i - 2 scrolls of blinking {unknown}
 j - 2 scrolls of identify {unknown}
Potions
 d - 3 potions of might
 f - 2 potions of degeneration {unknown}
 k - 2 potions of attraction {unknown}
 l - a potion of haste {unknown}


   Skills:
 + Level 4.0 Fighting
 + Level 2.9 Maces & Flails
 + Level 4.1 Armour
 + Level 4.0 Shields


You had 3 spell levels left.
You didn't know any spells.
Your spell library was empty.

Dungeon Overview and Level Annotations

Branches:
Dungeon (3/15)

Altars:
Wu Jian

Shops:
D:2 ?


Innate Abilities, Weirdness & Mutations

You are immune to sickness and miasma.
Your stone body is resilient. (AC +3)
You are immune to poison.
You resist negative energy. (rN+)
You are resistant to electric shocks. (rElec)
You are resistant to unholy torment.
You are immune to petrification.


Message History

The orc moves out of view.
An orc wizard and a ball python come into view.
The orc wizard shouts!
The ball python hisses angrily.
The dart slug launches a dart at you. The slug dart hits you.
The orc priest hits you with a +0 whip. You block the ball python's attack.
The ball python closely misses you.
You closely miss the orc priest.
The orc priest mumbles some strange prayers to Beogh against you.
You barely resist. The ball python barely misses you.
You block the ball python's attack.
The orc priest casts a cantrip, but nothing happens.
The orc wizard gestures wildly while chanting.
The orc wizard flickers and vanishes!
Deactivating autopickup; reactivate with Ctrl-A.
You barely miss the orc priest. The ball python bites you.
You block the ball python's attack. The ball python closely misses you.
The ball python barely misses you.
The orc priest shouts, "Beogh offers mercy even to people such as you.
Join us and be reborn!" (press Y on the ability menu to convert to Beogh)
You hit the orc priest.
The orc priest is lightly wounded.
The ball python bites you but does no damage.
The ball python grabs you. The ball python constricts you.
The orc priest hits you with a +0 whip. The orc hits you but does no damage.
The dart slug launches a dart at you. The slug dart misses you.
The ball python bites you but does no damage.
The ball python constricts you.
You closely miss the ball python.
The orc priest mumbles some strange prayers to Beogh against you.
Beogh smites you!
Ouch! That really hurt!
* * * LOW HITPOINT WARNING * * *
You block the orc's attack.
The dart slug bites you but does no damage.
You block the ball python's attack. The ball python constricts you.
The orc priest hits you but does no damage.
The orc hits you with a +0 falchion.
You die...

#....#######.##.###
##'#.#<.....†.....#
#.#+########.#.#.#
#.......... .....#
#...^..#... ....##
#......# ......
#......# ...###
.######.###### +###
......o@#
#####%woS...#
#..........
#.......###
#.......#
#.........
#........##
#........#


You could see an orc priest, a dart slug, an orc and a ball python.

Vanquished Creatures
  A gnoll (D:2)
  4 adders (D:2)
  A dart slug (D:2)
  A ribbon worm (D:2)
  4 bats
  2 endoplasms
  A giant cockroach (D:2)
  A goblin (D:1)
  2 hobgoblins (D:2)
  3 quokkas
  5 ball pythons
  A frilled lizard (D:2)
  A kobold (D:2)
  3 rats
30 creatures vanquished.

Notes
Turn   | Place    | Note
-------+----------+-------------------------------------------
     0 | D:1      | Dittersdorf the Gargoyle Fighter began the quest for the
                  | Orb.
     0 | D:1      | Reached XP level 1. HP: 14/14 MP: 1/1
   564 | D:1      | Reached XP level 2. HP: 19/19 MP: 2/2
   839 | D:2      | Reached XP level 3. HP: 23/23 MP: 3/3
   840 | D:2      | Found an ornate altar of the Wu Jian Council.
  1045 | D:2      | Reached XP level 4. HP: 29/29 MP: 4/4
  1159 | D:2      | Found a faded altar of an unknown god.
  1283 | D:2      | Found Agypp's Magic Scroll Boutique.
  1593 | D:3      | Slain by an orc

Illustrated notes

Levels and vault maps discovered:
D:1:      sevenhm_arrival_forest_fort_small_3, layout_loops_corners,
          minmay_misc_feat_iff
D:2:      layout_basic, basic_altar, ebering_ecumenical_altar_petrified,
          serial_shops, nicolae_shop_rolled_up, kennysheep_cross_room,
          minmay_misc_feat_tiny, minmay_pentomino_o4
D:3:      layout_basic, uniq_crazy_yiuf_cottage

Skill      XL: |  1  2  3  4 |
---------------+-------------+-----
Armour         | 4 |  4.1
Fighting       | 4 |  4.0
Shields        | 4 |  4.0
Maces & Flails | |  2.9

Action                     |  1- 3 |  4- 6 || total
---------------------------+-------+-------++-------
  Melee: Flail             |    48 |    78 ||   126
 Armour: Scale mail        |    46 |    97 ||   143
  Dodge: Dodged            |    26 |    71 ||    97
  Block: Buckler           |    12 |    34 ||    46

Table legend: (Time is in decaauts)
 A = Elapsed time spent in this place.
 B = Non-inter-level travel time spent in this place.
 C = Inter-level travel time spent in this place.
 D = Time resting spent in this place.
 E = Time spent auto-exploring this place.
 F = Levels seen in this place.
 G = Mean time per level.
                   A        B        C        D        E       F      G
               +--------+--------+--------+--------+--------+-----+--------+
         Total |   1631 |   1605 |     26 |      0 |   1321 |   3 |  543.7 |
       Dungeon |   1631 |   1605 |     26 |      0 |   1321 |   3 |  543.7 |
               +--------+--------+--------+--------+--------+-----+--------+

Top non-repeatable levels by time:
     D:1: 757 daAuts
     D:2: 742 daAuts
     D:3: 131 daAuts
